[Event "44th Chess Olympiad Open 2022"]
[Site "Chennai"]
[Date "2022.08.09"]
[Round "11.49"]
[White "Rocha, Maximiliano"]
[Black "Al-Zendani, Zendan"]
[Result "1/2-1/2"]
[ECO "D37"]
[WhiteElo "2117"]
[BlackElo "2284"]
[Annotator "RC"]
[PlyCount "49"]
[EventDate "2022.07.29"]
[EventType "team-tourn"]
[EventCountry "IND"]
[SourceTitle "playchess.com"]
[Source "ChessBase"]
[SourceQuality "1"]
[WhiteTeam "Nicaragua"]
[BlackTeam "Yemen"]
[WhiteTeamCountry "NCA"]
[BlackTeamCountry "YEM"]
[TimeControl "40/5400+30:1800+30"]

1. d4 Nf6 2. c4 e6 3. Nf3 d5 4. Nc3 Be7 5. Bf4 O-O 6. e3 b6 7. cxd5 Nxd5 8. Bg3 Bb7 9. Bd3 c5 10. O-O cxd4 11. exd4 Nd7 12. Qe2 N7f6 13. Rfd1 Rc8 14. Rac1 Nh5 15. Bb1 Nxg3 16. hxg3 Nxc3 17. bxc3 Ba3 18. Rc2 g6 19. Qe3 Be7 20. Rcc1 Ba3 21. Rc2 Be7 22. Rcc1 Ba3 23. Rc2 Be7 24. Rcc1 Ba3 25. Rc2 1/2-1/2

[Event "44th Chess Olympiad Open 2022"]
[Site "Chennai"]
[Date "2022.08.09"]
[Round "11.49"]
[White "Espinoza Solano, Jose Nahum"]
[Black "Al-Subaihi, Khalil"]
[Result "1-0"]
[ECO "B01"]
[WhiteElo "2093"]
[BlackElo "2141"]
[Annotator "NA RC"]
[PlyCount "77"]
[EventDate "2022.07.29"]
[EventType "team-tourn"]
[EventCountry "IND"]
[SourceTitle "playchess.com"]
[Source "ChessBase"]
[SourceQuality "1"]
[WhiteTeam "Nicaragua"]
[BlackTeam "Yemen"]
[WhiteTeamCountry "NCA"]
[BlackTeamCountry "YEM"]
[TimeControl "40/5400+30:1800+30"]

1. e4 d5 2. exd5 Nf6 3. d4 Nxd5 4. c4 Nb6 5. Nc3 e5 6. d5 Bc5 7. Nf3 Bg4 8. h3 Bxf3 9. Qxf3 O-O 10. Be3 Bxe3 11. Qxe3 f5 12. O-O-O Qe7 13. f4 N8d7 14. g4 fxg4 15. hxg4 Rxf4 16. Bd3 g6 17. Ne4 Nf6 18. Nxf6+ Qxf6 19. Kb1 Nxc4 20. Qc1 Nb6 21. Qxc7 Qg7 22. Qd6 Qf6 23. Qxf6 Rxf6 24. Rhe1 Rd6 25. Rxe5 Rad8 26. b3 a6 27. g5 R8d7 28. a4 Kg7 29. Be4 Nc8 30. Kb2 Re7 31. Rxe7+ Nxe7 32. Kc3 h6 33. gxh6+ Kxh6 34. Kd4 Kg7 35. Ke5 Rd8 36. d6 Nc6+ 37. Bxc6 bxc6 38. d7 g5 39. Ke4 1-0

[Event "44th Chess Olympiad Open 2022"]
[Site "Chennai"]
[Date "2022.08.09"]
[Round "11.50"]
[White "Juarez Flores, Carlos A."]
[Black "Thing, Bibek"]
[Result "1/2-1/2"]
[ECO "B55"]
[WhiteElo "2335"]
[BlackElo "2260"]
[Annotator "RC"]
[PlyCount "106"]
[EventDate "2022.07.29"]
[EventType "team-tourn"]
[EventCountry "IND"]
[SourceTitle "playchess.com"]
[Source "ChessBase"]
[SourceQuality "1"]
[WhiteTeam "Guatemala"]
[BlackTeam "Nepal"]
[WhiteTeamCountry "GUA"]
[BlackTeamCountry "NEP"]
[TimeControl "40/5400+30:1800+30"]

1. e4 c5 2. Nf3 d6 3. d4 cxd4 4. Nxd4 Nf6 5. f3 e5 6. Bb5+ Nbd7 7. Nf5 d5 8. exd5 a6 9. Ba4 b5 10. Bb3 Nb6 11. Ne3 Bb7 12. O-O Bc5 13. Kh1 O-O 14. Nc3 Bd4 15. Nf5 Bxc3 16. bxc3 Qd7 17. Qd3 Bxd5 18. Ba3 Rfe8 19. Rad1 Nc4 20. Bc1 Qe6 21. Ng3 Nb6 22. Rfe1 Bc4 23. Qf5 Nbd5 24. Bxc4 bxc4 25. Bd2 Rab8 26. Rb1 Rxb1 27. Rxb1 h6 28. h3 Qc6 29. h4 Qa4 30. h5 Ne7 31. Qxe5 Qxc2 32. Rb8 Rxb8 33. Qxb8+ Kh7 34. Qe5 Qxd2 35. Qxe7 Qc1+ 36. Kh2 Qf4 37. Kh3 Nd5 38. Qe1 Ne3 39. Qb1+ f5 40. Qb6 Qe5 41. Qxa6 f4 42. Qg6+ Kh8 43. Ne4 Nd1 44. Nd6 Qe1 45. Qe8+ Qxe8 46. Nxe8 Nxc3 47. Nd6 Nxa2 48. Nxc4 Nb4 49. Ne5 Nd5 50. Ng6+ Kh7 51. Kg4 Nf6+ 52. Kh4 Nd5 53. Kg4 Nf6+ 1/2-1/2

[Event "44th Chess Olympiad Open 2022"]
[Site "Chennai"]
[Date "2022.08.09"]
[Round "11.50"]
[White "Giron Chavez David Emanuel"]
[Black "Jaiswal, Rupesh"]
[Result "1-0"]
[ECO "B55"]
[WhiteElo "2115"]
[BlackElo "2083"]
[Annotator "RC"]
[PlyCount "117"]
[EventDate "2022.07.29"]
[EventType "team-tourn"]
[EventCountry "IND"]
[SourceTitle "playchess.com"]
[Source "ChessBase"]
[SourceQuality "1"]
[WhiteTeam "Guatemala"]
[BlackTeam "Nepal"]
[WhiteTeamCountry "GUA"]
[BlackTeamCountry "NEP"]
[TimeControl "40/5400+30:1800+30"]

1. e4 c5 2. Nf3 d6 3. d4 cxd4 4. Nxd4 Nf6 5. f3 e5 6. Nb3 Be6 7. c4 Nbd7 8. Be3 Qc7 9. Nc3 Be7 10. Rc1 O-O 11. Nd5 Bxd5 12. cxd5 Qb8 13. Qd2 Rc8 14. Rxc8+ Qxc8 15. Be2 Nb6 16. Na5 Qd7 17. O-O Rc8 18. Qb4 Bd8 19. Bb5 Qe7 20. Rd1 Nh5 21. g3 g6 22. a4 f5 23. Nb3 f4 24. Bf2 fxg3 25. hxg3 Rc2 26. Rd2 Rxd2 27. Nxd2 Qc7 28. a5 Nc8 29. a6 bxa6 30. Bc6 Qa5 31. Qxa5 Bxa5 32. Nc4 Bc7 33. Kg2 Nb6 34. Na5 Nf6 35. b4 g5 36. Bb7 Nfd7 37. Nc6 Nb8 38. Nxa7 N6d7 39. Nc6 Kf7 40. Kh3 h5 41. Be3 Kg6 42. Kg2 Kf6 43. Kf2 Kg6 44. Ke2 Kf6 45. Kd3 Kg6 46. Nxb8 Nxb8 47. Bc8 Kf6 48. Kc4 Bd8 49. b5 axb5+ 50. Kxb5 Bc7 51. Be6 h4 52. gxh4 gxh4 53. Bf5 Kf7 54. Bg5 Kf8 55. Bxh4 Ke8 56. Bg5 Kf7 57. Be3 Ke7 58. Bb6 Kd8 59. Be6 1-0

[Event "44th Chess Olympiad Open 2022"]
[Site "Chennai"]
[Date "2022.08.09"]
[Round "11.50"]
[White "Lama, Milan"]
[Black "Lorenzana, Wilson Estuardo"]
[Result "1-0"]
[ECO "B22"]
[WhiteElo "2024"]
[BlackElo "2182"]
[Annotator "RC"]
[PlyCount "115"]
[EventDate "2022.07.29"]
[EventType "team-tourn"]
[EventCountry "IND"]
[SourceTitle "playchess.com"]
[Source "ChessBase"]
[SourceQuality "1"]
[WhiteTeam "Nepal"]
[BlackTeam "Guatemala"]
[WhiteTeamCountry "NEP"]
[BlackTeamCountry "GUA"]
[TimeControl "40/5400+30:1800+30"]

1. e4 c5 2. c3 d5 3. exd5 Qxd5 4. d4 e6 5. Nf3 Nf6 6. Be3 cxd4 7. Nxd4 Qd8 8. Nb5 Nd5 9. Bxa7 Nc6 10. Be3 Nxe3 11. Qxd8+ Kxd8 12. fxe3 Bc5 13. e4 Ne5 14. b4 Be3 15. Nd2 Ke7 16. Nc4 Nxc4 17. Bxc4 Bd7 18. Ke2 Rhc8 19. Kd3 Bxb5 20. Bxb5 Bf4 21. a4 Rc7 22. Rad1 g5 23. g4 Rd8+ 24. Kc2 Rxd1 25. Rxd1 Bxh2 26. c4 Bg3 27. Rh1 Bh4 28. a5 h5 29. gxh5 f5 30. exf5 exf5 31. c5 Kf6 32. Bd3 Bg3 33. h6 Rh7 34. c6 bxc6 35. a6 Bb8 36. Kb3 Ke5 37. Kc4 Ba7 38. Rf1 Rxh6 39. Rxf5+ Ke6 40. Rxg5 Kf7 41. Rg3 Bb6 42. Kc3 Rd6 43. Bc4+ Kf6 44. Rg8 Ke5 45. Re8+ Kf4 46. Kb3 Rh6 47. Rb8 Bd4 48. Rb7 Rh1 49. Rc7 Rb1+ 50. Ka3 Rh1 51. Rxc6 Be3 52. Rc7 Ke5 53. Re7+ Kd4 54. Rxe3 Kxc4 55. Ka4 Ra1+ 56. Ra3 Rh1 57. a7 Rh7 58. a8=Q 1-0

[Event "44th Chess Olympiad Open 2022"]
[Site "Chennai"]
[Date "2022.08.09"]
[Round "11.50"]
[White "Chaulagain, Purushottam"]
[Black "Cu Hor, Winston Darwin"]
[Result "1/2-1/2"]
[ECO "A58"]
[WhiteElo "1975"]
[BlackElo "2328"]
[Annotator "RC"]
[PlyCount "235"]
[EventDate "2022.07.29"]
[EventType "team-tourn"]
[EventCountry "IND"]
[SourceTitle "playchess.com"]
[Source "ChessBase"]
[SourceQuality "1"]
[WhiteTeam "Nepal"]
[BlackTeam "Guatemala"]
[WhiteTeamCountry "NEP"]
[BlackTeamCountry "GUA"]
[TimeControl "40/5400+30:1800+30"]

1. d4 c5 2. d5 g6 3. g3 Bg7 4. Bg2 d6 5. Nf3 Nf6 6. O-O b5 7. c4 O-O 8. cxb5 a6 9. Nc3 axb5 10. Nxb5 Ba6 11. Nc3 Nbd7 12. h3 Qa5 13. Qc2 Rfb8 14. Rb1 Nb6 15. Rd1 Nfd7 16. Bg5 Nc4 17. Bxe7 Re8 18. Bg5 Nxb2 19. Rdc1 Nc4 20. Qa4 Qxa4 21. Nxa4 h6 22. Bf4 g5 23. Bd2 Nxd2 24. Nxd2 Rxe2 25. Ne4 Bd3 26. Nac3 Bxe4 27. Nxe2 Bxb1 28. Rxb1 Rxa2 29. Rb7 Ne5 30. Rb8+ Bf8 31. Nc3 Ra1+ 32. Bf1 f5 33. Kg2 f4 34. gxf4 gxf4 35. Bb5 Re1 36. Be8 Kh7 37. Bh5 Bg7 38. Nb5 Nc4 39. Nc7 Re7 40. Ne6 Ne5 41. Nxf4 Bf6 42. Ne6 Ng6 43. Bg4 Rf7 44. f4 Bg7 45. Kg3 Nxf4 46. Nxf4 Be5 47. Be6 Rxf4 48. Kg2 c4 49. Rb4 Kg6 50. Bg4 Kf6 51. Be2 c3 52. Rxf4+ Bxf4 53. Bd3 Ke5 54. Kf3 Bd2 55. Ke2 Kxd5 56. Kd1 Ke5 57. Kc2 Kf4 58. Bc4 Ke3 59. Be6 Kd4 60. Bf5 Bg5 61. Bd3 Bf6 62. Bf5 Ke3 63. Be6 Kf4 64. Bd5 Kg3 65. Be6 d5 66. Bf5 h5 67. Bg6 h4 68. Bf5 d4 69. Bd7 Kf3 70. Bf5 Kf4 71. Bd7 Ke4 72. Bb5 Ke3 73. Bc4 Kf3 74. Bd5+ Kf4 75. Be6 Bg7 76. Bf7 Kg3 77. Be6 Kg2 78. Bf5 Kf3 79. Bd7 Kf4 80. Be6 Ke4 81. Bc4 Ke3 82. Bb5 Kf4 83. Bd7 Bh8 84. Bc6 Kg3 85. Bd7 Kf3 86. Bc6+ Kf2 87. Bb5 Be5 88. Bc4 Kg3 89. Be6 Kf4 90. Bd5 Bc7 91. Be6 Ba5 92. Bc4 Kf3 93. Bd5+ Ke3 94. Bc4 Kf4 95. Be6 Bb4 96. Bd5 Ke3 97. Bc4 Ke4 98. Bd3+ Kf4 99. Bc4 Ba5 100. Be6 Ke4 101. Bc4 Ke3 102. Bb5 Kf4 103. Bd7 Bb4 104. Bb5 Ba3 105. Bd7 Bb2 106. Bb5 Ba1 107. Bd7 Ke3 108. Bb5 Kf3 109. Bc6+ Kg3 110. Bd7 Kg2 111. Bf5 Kf3 112. Bd7 Ke4 113. Bc6+ Ke3 114. Bb5 Kf4 115. Bd7 Bb2 116. Bc6 Kg3 117. Bd7 Kg2 118. Bf5 1/2-1/2

[Event "44th Chess Olympiad Open 2022"]
[Site "Chennai"]
[Date "2022.08.09"]
[Round "11.51"]
[White "Sanchez Alvarez, Roberto Carlos"]
[Black "Bagheri, Amir"]
[Result "1-0"]
[ECO "B12"]
[WhiteElo "2431"]
[BlackElo "2375"]
[Annotator "RC"]
[PlyCount "87"]
[EventDate "2022.07.29"]
[EventType "team-tourn"]
[EventCountry "IND"]
[SourceTitle "playchess.com"]
[Source "ChessBase"]
[SourceQuality "1"]
[WhiteTeam "Panama"]
[BlackTeam "Monaco"]
[WhiteTeamCountry "PAN"]
[BlackTeamCountry "MNC"]
[TimeControl "40/5400+30:1800+30"]

1. e4 c6 2. d4 d5 3. f3 e6 4. Nc3 Bb4 5. e5 c5 6. a3 Bxc3+ 7. bxc3 Qa5 8. Bd2 c4 9. a4 Nc6 10. f4 Nge7 11. Nf3 Bd7 12. g3 Nd8 13. Bh3 Bxa4 14. Ra2 Qa6 15. O-O g6 16. f5 exf5 17. g4 Ne6 18. gxf5 gxf5 19. Nh4 O-O-O 20. Nxf5 Nxf5 21. Rxf5 Rhg8+ 22. Kh1 Rg7 23. Bh6 Rg6 24. Be3 Rd7 25. Rf2 b5 26. Qh5 Qa5 27. Bd2 Qd8 28. Bf5 Qg8 29. Bxg6 hxg6 30. Qg4 Qh7 31. Bg5 Kc7 32. Rf3 Ng7 33. Bf6 Nh5 34. e6 fxe6 35. Be5+ Kb7 36. Qxe6 g5 37. Bd6 Nf4 38. Rxf4 gxf4 39. Qxd5+ Kb6 40. Qc5+ Kb7 41. Qd5+ Kb6 42. Rxa4 bxa4 43. Qc5+ Kb7 44. Qb5+ 1-0

[Event "44th Chess Olympiad Open 2022"]
[Site "Chennai"]
[Date "2022.08.09"]
[Round "11.51"]
[White "Dornbusch, Tatiana"]
[Black "Tapia Ostolaza, Alexei"]
[Result "0-1"]
[ECO "A45"]
[WhiteElo "2247"]
[BlackElo "2201"]
[Annotator "RC"]
[PlyCount "106"]
[EventDate "2022.07.29"]
[EventType "team-tourn"]
[EventCountry "IND"]
[SourceTitle "playchess.com"]
[Source "ChessBase"]
[SourceQuality "1"]
[WhiteTeam "Monaco"]
[BlackTeam "Panama"]
[WhiteTeamCountry "MNC"]
[BlackTeamCountry "PAN"]
[TimeControl "40/5400+30:1800+30"]

1. d4 Nf6 2. Bg5 g6 3. Bxf6 exf6 4. c4 f5 5. Nc3 Bg7 6. g3 O-O 7. Bg2 d6 8. e3 Nd7 9. Nge2 Nf6 10. O-O h5 11. h4 Re8 12. Qc2 Ng4 13. Nf4 Bf6 14. Rfe1 c6 15. Qd2 Bg7 16. b4 Bd7 17. b5 Rc8 18. Rab1 Nf6 19. bxc6 Bxc6 20. Bxc6 bxc6 21. Rb7 Re7 22. Reb1 Bh6 23. Nd3 Ng4 24. Nf4 Qe8 25. Nce2 Kh7 26. Qc3 Rcc7 27. Rb8 Qd7 28. Qa3 Bg7 29. Kg2 Re8 30. Rxe8 Qxe8 31. Nc3 Qe7 32. Rb8 Bf6 33. Qb2 Rd7 34. Qb1 Kh6 35. a4 Bxh4 36. gxh4 Qxh4 37. Qg1 Re7 38. Kf3 Nxf2 39. Rb2 Ng4 40. Nd1 g5 41. Nd3 Nxe3 42. Nxe3 Qh3+ 43. Ke2 f4 44. Kd2 Rxe3 45. Ne1 Ra3 46. Rc2 g4 47. d5 c5 48. Qf2 Kg5 49. a5 h4 50. Qe2 Re3 51. Qf2 g3 52. Qg2 Qxg2+ 53. Nxg2 Ra3 0-1

[Event "44th Chess Olympiad Open 2022"]
[Site "Chennai"]
[Date "2022.08.09"]
[Round "11.51"]
[White "Ramos Espinoza, Efren Andres"]
[Black "Ribbegren, Karl Johan"]
[Result "1/2-1/2"]
[ECO "A39"]
[WhiteElo "2158"]
[BlackElo "2198"]
[Annotator "RC"]
[PlyCount "119"]
[EventDate "2022.07.29"]
[EventType "team-tourn"]
[EventCountry "IND"]
[SourceTitle "playchess.com"]
[Source "ChessBase"]
[SourceQuality "1"]
[WhiteTeam "Panama"]
[BlackTeam "Monaco"]
[WhiteTeamCountry "PAN"]
[BlackTeamCountry "MNC"]
[TimeControl "40/5400+30:1800+30"]

1. Nf3 Nf6 2. g3 c5 3. c4 g6 4. b3 Bg7 5. Bb2 O-O 6. Bg2 Nc6 7. O-O a6 8. d4 cxd4 9. Nxd4 Rb8 10. Nc3 Nxd4 11. Qxd4 d6 12. Rfd1 Nd7 13. Qd2 b5 14. cxb5 axb5 15. Nd5 Bxb2 16. Qxb2 Bb7 17. Qd4 Bxd5 18. Bxd5 b4 19. a4 bxa3 20. Rxa3 Qb6 21. Ra7 Qxd4 22. Rxd4 Rfd8 23. Bc6 Ne5 24. Ba4 Kf8 25. h3 f5 26. f4 Nf7 27. Rc4 Rdc8 28. Rd4 Rc3 29. Kf2 Nd8 30. Rd5 Ne6 31. Rd3 Rxd3 32. exd3 Nc5 33. Ke3 Nxb3 34. d4 Rb4 35. Kd3 Nc1+ 36. Kd2 Na2 37. Ra8+ Kg7 38. Bd7 Rb2+ 39. Kd3 Nc1+ 40. Ke3 Re2+ 41. Kf3 Rd2 42. Rc8 Rd3+ 43. Kf2 Nb3 44. Re8 Kf7 45. Rh8 h5 46. Rh7+ Kf8 47. Be6 Nxd4 48. Bf7 e5 49. fxe5 dxe5 50. Bxg6 e4 51. Bxh5 e3+ 52. Kf1 Rd2 53. Rf7+ Kg8 54. Re7 Nc2 55. Be2 Kf8 56. Re5 Kg7 57. Rxf5 Nd4 58. Rd5 Nxe2 59. Rxd2 Nxg3+ 60. Ke1 1/2-1/2

[Event "44th Chess Olympiad Open 2022"]
[Site "Chennai"]
[Date "2022.08.09"]
[Round "11.51"]
[White "Verdier, Patrice"]
[Black "Delgado Rosas, Alex Antonio"]
[Result "0-1"]
[ECO "A59"]
[WhiteElo "2017"]
[BlackElo "2149"]
[Annotator "NA RC"]
[PlyCount "78"]
[EventDate "2022.07.29"]
[EventType "team-tourn"]
[EventCountry "IND"]
[SourceTitle "playchess.com"]
[Source "ChessBase"]
[SourceQuality "1"]
[WhiteTeam "Monaco"]
[BlackTeam "Panama"]
[WhiteTeamCountry "MNC"]
[BlackTeamCountry "PAN"]
[TimeControl "40/5400+30:1800+30"]

1. d4 Nf6 2. c4 c5 3. d5 b5 4. cxb5 a6 5. bxa6 g6 6. Nc3 Bxa6 7. e4 Bxf1 8. Kxf1 d6 9. Nf3 Bg7 10. g3 Nbd7 11. Kg2 O-O 12. Re1 Qc7 13. a4 Rfb8 14. Ra3 Qb7 15. Qc2 Ne8 16. b3 Nc7 17. Nd2 e6 18. Nc4 exd5 19. Nxd6 Qb4 20. Re3 c4 21. bxc4 d4 22. Na2 Qxd6 23. Re1 Qc6 24. Bf4 Rb7 25. a5 Ne6 26. Bd2 Bf8 27. Rb3 Qa4 28. Nc1 Ndc5 29. Rb2 Rxb2 30. Qxb2 Qxc4 31. Qb1 d3 32. f3 Rd8 33. Na2 Nb3 34. Be3 d2 35. Rd1 Qe2+ 36. Bf2 Nbd4 37. f4 Qf3+ 38. Kg1 Ne2+ 39. Kf1 N6d4 0-1

[Event "44th Chess Olympiad Open 2022"]
[Site "Chennai"]
[Date "2022.08.09"]
[Round "11.52"]
[White "Alhassadi, Yousef A."]
[Black "Nissinen, Niilo Man"]
[Result "1-0"]
[ECO "B22"]
[WhiteElo "2068"]
[BlackElo "1693"]
[Annotator "NA RC"]
[PlyCount "107"]
[EventDate "2022.07.29"]
[EventType "team-tourn"]
[EventCountry "IND"]
[SourceTitle "playchess.com"]
[Source "ChessBase"]
[SourceQuality "1"]
[WhiteTeam "Libya"]
[BlackTeam "Hong Kong"]
[WhiteTeamCountry "LBY"]
[BlackTeamCountry "HKG"]
[TimeControl "40/5400+30:1800+30"]

1. e4 c5 2. c3 Nf6 3. e5 Nd5 4. d4 cxd4 5. cxd4 e6 6. Nf3 Nc6 7. Bc4 Nb6 8. Bb3 h6 9. O-O d6 10. Qe2 Be7 11. Nc3 d5 12. Rd1 a6 13. Ne1 g6 14. f4 h5 15. Nf3 Bd7 16. Kh1 Qc7 17. a3 Na5 18. Bc2 O-O-O 19. Qe1 Kb8 20. b3 Rc8 21. Bd2 Nc6 22. Bd3 Qd8 23. Rdb1 Na7 24. Qe2 Qf8 25. Be1 Rc7 26. Qb2 Bb5 27. Nxb5 Nxb5 28. a4 Na7 29. a5 Nbc8 30. b4 Nb5 31. Bxb5 axb5 32. Bd2 Ka7 33. Ne1 h4 34. h3 Bd8 35. Rc1 Rc4 36. Rxc4 dxc4 37. d5 exd5 38. Qd4+ Kb8 39. Qxd5 Qe8 40. Bc3 Rh7 41. a6 bxa6 42. Rxa6 Nb6 43. Qc5 Kb7 44. Ra5 Be7 45. Qe3 Qd7 46. Kh2 Rh5 47. Nf3 Qd3 48. Qe1 Rf5 49. Rxb5 Kc7 50. Qa1 Kb7 51. Qa5 Qxc3 52. Qxb6+ Kc8 53. Qb7+ Kd8 54. Rd5+ 1-0

[Event "44th Chess Olympiad Open 2022"]
[Site "Chennai"]
[Date "2022.08.09"]
[Round "11.52"]
[White "Deng, Yu Dong Michael"]
[Black "Attalib, Osama A."]
[Result "1/2-1/2"]
[ECO "E24"]
[WhiteElo "2028"]
[BlackElo "2033"]
[Annotator "NA RC"]
[PlyCount "67"]
[EventDate "2022.07.29"]
[EventType "team-tourn"]
[EventCountry "IND"]
[SourceTitle "playchess.com"]
[Source "ChessBase"]
[SourceQuality "1"]
[WhiteTeam "Hong Kong"]
[BlackTeam "Libya"]
[WhiteTeamCountry "HKG"]
[BlackTeamCountry "LBY"]
[TimeControl "40/5400+30:1800+30"]

1. d4 Nf6 2. c4 e6 3. Nc3 Bb4 4. a3 Bxc3+ 5. bxc3 b6 6. f3 Nc6 7. e4 d6 8. Bd3 e5 9. Be3 O-O 10. d5 Na5 11. g4 Ba6 12. Qe2 Nd7 13. Nh3 Qh4+ 14. Nf2 Nc5 15. Bxc5 bxc5 16. O-O Rab8 17. Rfb1 Rfc8 18. Nd1 Qd8 19. Ne3 Rxb1+ 20. Rxb1 Rb8 21. Qc2 Rxb1+ 22. Qxb1 g6 23. Qd1 Qe8 24. g5 Bc8 25. Ng4 Bxg4 26. fxg4 Qb8 27. Qa4 Nb3 28. Qd7 Nc1 29. Bf1 Na2 30. Bd3 Nxc3 31. h4 Qb2 32. Qd8+ Kg7 33. Qf6+ Kg8 34. Qd8+ 1/2-1/2

[Event "44th Chess Olympiad Open 2022"]
[Site "Chennai"]
[Date "2022.08.09"]
[Round "11.52"]
[White "Naser Eldean, Ahmed"]
[Black "Kannappan, Thanneermalai"]
[Result "1/2-1/2"]
[ECO "D02"]
[WhiteElo "1941"]
[BlackElo "1699"]
[Annotator "TA"]
[PlyCount "66"]
[EventDate "2022.07.29"]
[EventType "team-tourn"]
[EventCountry "IND"]
[SourceTitle "playchess.com"]
[Source "ChessBase"]
[SourceQuality "1"]
[WhiteTeam "Libya"]
[BlackTeam "Hong Kong"]
[WhiteTeamCountry "LBY"]
[BlackTeamCountry "HKG"]
[TimeControl "40/5400+30:1800+30"]

1. d4 Nf6 2. Nf3 g6 3. g3 Bg7 4. Bg2 d5 5. O-O O-O 6. Nbd2 c6 7. b3 Bf5 8. Bb2 Ne4 {[%emt 0:05:10] [#] D02: 1 d4 d5 2 Nf3 sidelines, including 2...Nf6 3 g3 and 2...Nf6 3 Bf4.} 9. a3 $146 ({Predecessor:} 9. c4 Nxd2 10. Qxd2 Be4 11. Rfd1 Nd7 12. Rac1 a5 13. Bh3 Bxf3 14. exf3 e6 15. a4 Qb6 16. Qc2 Rfd8 17. c5 Qc7 18. f4 b6 19. cxb6 Qxb6 20. Qxc6 Qxb3 {0-1 (47) Li,C (2751)-Ponomariov,R (2712) Huaian 2016}) 9... Nd7 10. Nh4 Nxd2 {[%emt 0:00:53] The position is equal.} 11. Qxd2 Be6 12. f4 Nf6 13. f5 Bd7 14. Qf4 Qb8 15. Qe3 Qc7 16. Bc1 ({Much weaker is} 16. Qxe7 Rfe8 17. Qc5 g5 $17) (16. a4 $11) 16... Ng4 $17 17. Qd3 Qb6 18. c3 e5 ({Don't play} 18... Qxb3 19. Rb1 Qa4 20. Rxb7 $16) 19. fxe6 (19. Bh3 $142 Nf6 20. Be3 exd4 21. cxd4) 19... fxe6 20. h3 Rxf1+ 21. Bxf1 Nf6 22. b4 Ne4 23. Kh2 e5 24. Nf3 {[%emt 0:05:29] [#]} Nxg3 $1 25. Kxg3 e4 26. Qe3 {[%emt 0:00:10] Threatens to win with Ne5.} exf3 27. exf3 Re8 {[%emt 0:04:53] Against Qe7} (27... Rf8 {keeps more tension.} 28. Bd2 Bf6 29. Bd3 Qd8) 28. Qf2 Bf5 (28... Qd8 $17 {And now ...Bf6 would win.} 29. Kg2 Qf6) 29. Bf4 $15 Qd8 30. Re1 Rxe1 31. Qxe1 Bf6 {[%emt 0:00:22] [#] Hoping for ...Bh4+.} 32. Kh2 Kf7 33. a4 b6 {[%emt 0:01:16] White happily takes the draw.  Weighted Error Value: White=0.15 (very precise) /Black=0.12 (very precise)} 1/2-1/2

[Event "44th Chess Olympiad Open 2022"]
[Site "Chennai"]
[Date "2022.08.09"]
[Round "11.52"]
[White "Kwong, Wing Ki"]
[Black "Abugenda, Nagi"]
[Result "1/2-1/2"]
[ECO "E11"]
[WhiteElo "1824"]
[BlackElo "1991"]
[Annotator "TA"]
[PlyCount "169"]
[EventDate "2022.07.29"]
[EventType "team-tourn"]
[EventCountry "IND"]
[SourceTitle "playchess.com"]
[Source "ChessBase"]
[SourceQuality "1"]
[WhiteTeam "Hong Kong"]
[BlackTeam "Libya"]
[WhiteTeamCountry "HKG"]
[BlackTeamCountry "LBY"]
[TimeControl "40/5400+30:1800+30"]

1. d4 Nf6 2. c4 e6 3. Nf3 b6 4. g3 Bb7 5. Bg2 Bb4+ 6. Nbd2 O-O 7. a3 Bxd2+ 8. Qxd2 d6 9. O-O Nbd7 10. b4 c5 11. Bb2 Rc8 12. Rfd1 {[%emt 0:04:28] E11: Bogo-Indian.} (12. dxc5 $14 dxc5 13. b5) 12... Qc7 (12... cxb4 $11 13. axb4 Rxc4) 13. Rac1 Rfd8 {[%emt 0:01:21] [#]} 14. h3 $146 {[%emt 0:07:36] White is slightly better.} ({Predecessor:} 14. dxc5 dxc5 15. Qg5 h6 16. Qe3 Ne8 17. b5 Qb8 18. Bh3 Nf8 19. Bg2 Qa8 20. a4 Rxd1+ 21. Rxd1 {½-½ (40) Wacior,M (1703)-Zaleski,L (1791) Walbrzych 2013}) 14... Qb8 15. Ba1 (15. dxc5 $14 {was preferrable.} dxc5 16. Qd6) 15... a6 16. dxc5 dxc5 17. Qb2 Qc7 18. Rd2 Nf8 19. Rxd8 Rxd8 20. Ne5 {[%emt 0:00:34] aiming for bxc5.} Bxg2 21. Kxg2 Ng6 22. Ng4 Ne8 23. Kg1 Qd6 24. Ne3 Qc6 25. Qc2 Rd6 26. Rd1 f6 27. Rd3 Kf7 28. Qd2 Rxd3 29. Qxd3 Qd6 30. Bc3 Qxd3 31. exd3 $11 {[%emt 0:00:10][%cal Be2d3,Bd3d4][%mdl 4128] Endgame KBN-KNN} Ke7 32. d4 Kd6 33. f4 f5 (33... cxb4 $11 34. Bxb4+ Kd7) 34. Kg2 (34. dxc5+ $14 bxc5 35. b5) 34... Nf6 (34... cxb4 $11 {remains equal.} 35. Bxb4+ Kd7) 35. Kf3 (35. dxc5+ $16 bxc5 36. b5) 35... Ne4 (35... cxb4 $11 {keeps the balance.} 36. Bxb4+ Kd7) 36. dxc5+ $16 bxc5 37. Bxg7 h5 (37... Nd2+ $16 38. Ke2 Ne4) 38. Nf1 Kc6 39. Bb2 ({Better is} 39. Ke3 $1 $18) 39... Nf8 40. Ke3 Nd7 41. g4 (41. Kd3 $16) 41... Nd6 $11 42. Nd2 fxg4 43. hxg4 hxg4 44. Be5 Nf5+ 45. Kf2 Nb6 46. Bc3 Na4 47. Ne4 Nxc3 48. Nxc3 {[%emt 0:00:00] KN-KN} Nd6 49. Kg3 Nxc4 50. Kxg4 (50. Ne4 $15) 50... Nxa3 $17 51. bxc5 Kxc5 (51... Nb5 $1 $17 52. Na4 Nd4) 52. Kg5 ({White must play} 52. f5 $1 $11) 52... Nb5 $1 $15 53. Na4+ Kd6 (53... Kb4 $1 $17 54. Nb2 a5) 54. f5 $11 exf5 55. Kxf5 Kd5 56. Kf4 Kd4 57. Kf3 $1 a5 58. Nb6 $1 Nc3 59. Kf2 Kc5 60. Nd7+ Kd4 61. Nb6 Nd5 62. Na4 $2 (62. Nxd5 $11 Kxd5 63. Ke3) 62... Kc4 $1 $19 {[%emt 0:00:51] ( -> ...Kb4)} 63. Ke1 Kb4 64. Nb2 Kb3 $1 65. Nd3 Kc2 $1 66. Nc5 Nf4 $2 (66... Nc3 $1 $19 67. Kf1 Ne4 $1 ) 67. Na4 $1 $11 Nd5 $2 (67... Ne6 $11 68. Ke2 Kb3) 68. Nc5 $19 Nc3 $1 69. Kf1 {[%emt 0:00:28] [#]} Nd5 $2 (69... Ne4 $1 $19 70. Na4 Nf6) 70. Ke1 $11 Nb4 71. Ke2 Na2 72. Ke1 Nc3 $2 (72... Nc1 $11) 73. Kf1 $1 $19 {[%emt 0:00:00] [#]} Kb2 $2 (73... Ne4 $1 $19 74. Na4 Nf6) 74. Ke1 $11 {[%emt 0:00:05] The position is equal.} Ka3 75. Kd2 Kb4 76. Nd3+ Kb3 77. Nc1+ $1 Kc4 78. Kc2 $1 a4 79. Kb2 Nb5 80. Ka1 a3 81. Ka2 Kb4 82. Nd3+ Kc3 83. Nc5 Kc4 84. Na6 Kc3 85. Nc7 {[%emt 0:00:22] Never resign too early!  Weighted Error Value: White=0.25 (precise) /Black=0.28 (precise)} 1/2-1/2

[Event "44th Chess Olympiad Open 2022"]
[Site "Chennai"]
[Date "2022.08.09"]
[Round "11.53"]
[White "Saraci, Nderim"]
[Black "Yan, Austin K"]
[Result "1-0"]
[ECO "D02"]
[WhiteElo "2495"]
[BlackElo "1568"]
[Annotator "RC"]
[PlyCount "37"]
[EventDate "2022.07.29"]
[EventType "team-tourn"]
[EventCountry "IND"]
[SourceTitle "playchess.com"]
[Source "ChessBase"]
[SourceQuality "1"]
[WhiteTeam "Kosovo"]
[BlackTeam "United States"]
[WhiteTeamCountry "KOS"]
[BlackTeamCountry "USA"]
[TimeControl "40/5400+30:1800+30"]

1. d4 d5 2. Nf3 Nf6 3. Bf4 c5 4. e3 Nc6 5. Nbd2 Qb6 6. dxc5 Qxb2 7. Rb1 Qc3 8. Bb5 g6 9. e4 dxe4 10. Be5 Qa5 11. O-O Bg7 12. Nc4 Qxa2 13. Ra1 Qxa1 14. Qxa1 exf3 15. Nb6 axb6 16. Qxa8 O-O 17. Bxc6 bxc6 18. cxb6 fxg2 19. Rd1 1-0